 Dungeon Crawl Stone Soup version 0.28.0-43-g3370ac3207 (webtiles) character file.

Game seed: 1306446193321926227

527 Ablot the Grasshopper (level 7, -3/56 HPs)
             Began as a Gnoll Warper on Mar 15, 2022.
             Slain by Prince Ribbit (8 damage)
             ... on level 5 of the Dungeon.
             The game lasted 00:08:22 (4259 turns).

Ablot the Grasshopper (Gnoll Warper)                Turns: 4259, Time: 00:08:23

Health: -3/56      AC: 10    Str: 12    XL:     7   Next: 23%
Magic:  15/15      EV: 14    Int: 12    God:
Gold:   184        SH:  5    Dex: 14    Spells: 15/17 levels left

rFire   x . .      SeeInvis .   d - +2 short sword (drain)
rCold   . . .      Faith    .   (no shield)
rNeg    . . .      Spirit   .   G - +3 robe of Yshruvuats {Harm rF- Will++ Dex+2}
rPois   .          Reflect  +   A - +0 helmet
rElec   .          Harm     +   m - +2 cloak {Stlth+}
rCorr   .          Rampage  .   (no gloves)
Will    ++...                   u - +0 pair of boots
Stlth   +++.......              o - amulet of reflection
HPRegen 0.18/turn               (no ring)
MPRegen 0.14/turn               (no ring)

@: no status effects
A: fangs 1, strong nose, distributed training
a: no special abilities


You were on level 5 of the Dungeon.
You visited 1 branch of the dungeon, and saw 5 of its levels.
You also visited: Sewer.

You collected 217 gold pieces.
You spent 33 gold pieces at shops.

Inventory:

Hand Weapons
 a - a +0 spear
 d - a +2 short sword of draining (weapon)
 n - a +0 scimitar
 s - a +1 hunting sling of flaming
Missiles
 e - 180 stones (quivered)
 i - 62 sling bullets
 l - 17 arrows
 q - 39 bolts
 y - 5 boomerangs of dispersal
Armour
 m - a +2 cloak of stealth (worn)
 u - a +0 pair of boots (worn)
 w - a +0 troll leather armour {Pargi}
 A - a +0 helmet (worn)
 G - the +3 robe of Yshruvuats (worn) {Harm rF- Will++ Dex+2}
   (You found it on level 4 of the Dungeon)

   Dex:       It affects your dexterity (+2).
   rF:        It makes you vulnerable to fire.
   Harm:      It increases damage dealt and taken.
   Will:      It greatly increases your willpower.
Jewellery
 k - a ring of ice
 o - an amulet of reflection (around neck)
 C - a ring of ice
Wands
 z - a wand of flame (5)
 E - a wand of iceblast (5)
Scrolls
 b - 5 scrolls of blinking
 c - a scroll of fog {unknown}
 g - 4 scrolls of teleportation {unknown}
 h - 2 scrolls of enchant weapon {unknown}
 j - a scroll of identify {unknown}
 p - a scroll of acquirement {unknown}
 t - a scroll of magic mapping {unknown}
 B - a scroll of amnesia {unknown}
Potions
 f - 2 potions of brilliance {unknown}
 r - 2 potions of curing
 v - a potion of magic {unknown}
 x - a potion of heal wounds {unknown}
 D - a potion of flight {unknown}
 F - a potion of degeneration {unknown}


   Skills:
 + Level 5.2 Fighting
 + Level 2.3 Short Blades
 + Level 2.3 Long Blades
 + Level 2.3 Axes
 + Level 2.3 Maces & Flails
 + Level 5.2 Polearms
 + Level 2.3 Staves
 + Level 2.3 Slings
 + Level 2.3 Bows
 + Level 2.3 Crossbows
 + Level 3.5 Throwing
 + Level 3.5 Armour
 + Level 5.2 Dodging
 + Level 2.3 Stealth
 + Level 2.3 Shields
 + Level 2.3 Unarmed Combat
 + Level 5.5 Spellcasting
 + Level 1.9 Conjurations
 + Level 1.9 Hexes
 + Level 1.9 Summonings
 + Level 1.9 Necromancy
 + Level 5.8 Translocations
 + Level 1.9 Transmutations
 + Level 1.9 Fire Magic
 + Level 1.9 Ice Magic
 + Level 1.9 Air Magic
 + Level 1.9 Earth Magic
 + Level 1.9 Poison Magic
 + Level 2.6 Invocations
 + Level 2.3 Evocations


You had 15 spell levels left.
You knew the following spells:

 Your Spells              Type           Power      Damage    Failure   Level
a - Blink                 Tloc           34%        N/A       2%          2

Your spell library contained the following spells:

 Spells                   Type           Power      Damage    Failure   Level
 Gell's Gravitas          Tloc           17%        N/A       5%          3
 Lesser Beckoning         Tloc           17%        N/A       5%          3
 Teleport Other           Tloc           17%        N/A       5%          3
 Manifold Assault         Tloc           17%        N/A       43%         5


Dungeon Overview and Level Annotations

Branches:
Dungeon (5/15)              Sewer (visited)
 Temple: D:4-7

Altars:

Shops:
D:2 ?![[

Annotations:
D:2 1 runed translucent door, exclusion: door, Crazy Yiuf
D:5 Prince Ribbit


Innate Abilities, Weirdness & Mutations

You have very sharp teeth.
Your uncanny sense of smell can sniff out nearby items.
Your experience applies equally to all skills.


Message History

Aim: Prince Ribbit (moderately wounded, lightly drained, 50% to hit)
The puff of flame misses Prince Ribbit.
Unknown command.
You hit Prince Ribbit.
Prince Ribbit is heavily wounded.
Prince Ribbit hits you!
You puncture Prince Ribbit!
Prince Ribbit is severely wounded.
Prince Ribbit closely misses you. Prince Ribbit misses you.
You barely miss Prince Ribbit.
Prince Ribbit is severely wounded.
Prince Ribbit hits you.
You closely miss Prince Ribbit. Your bite misses Prince Ribbit.
Prince Ribbit is severely wounded.
You block Prince Ribbit's attack.
You closely miss Prince Ribbit.
Prince Ribbit is severely wounded.
Prince Ribbit misses you. You block Prince Ribbit's attack.
You miss Prince Ribbit.
Prince Ribbit is severely wounded.
Prince Ribbit hits you but does no damage.
You hit Prince Ribbit.
Prince Ribbit is almost dead.
Prince Ribbit hits you.
You hit Prince Ribbit. You drain Prince Ribbit.
Prince Ribbit is almost dead.
Prince Ribbit hits you but does no damage.
Prince Ribbit closely misses you.
You closely miss Prince Ribbit.
Prince Ribbit is almost dead.
You block Prince Ribbit's attack.
You closely miss Prince Ribbit.
Prince Ribbit is almost dead.
Prince Ribbit hits you!
* * * LOW HITPOINT WARNING * * *
Prince Ribbit closely misses you.
You closely miss Prince Ribbit.
Prince Ribbit is almost dead.
Prince Ribbit hits you!
You die...

.#.# #.. ###$#.# #
#.#######.....#.#.
#........g.>...... #.#
#......g......
#.###.###g........
#.##)#.##........h
#########.#F###.##.###.h..
#.........@## #.... ...
#.#######.#.# ∆#.##. ..
#.#######.##.# #.# .#
#...<.......... ..# #
########.### ##### #. #.
#. ∆


You could see Prince Ribbit (drained).

Vanquished Creatures
  Sigmund (D:3)
  Pargi (Sewer)
  A bullfrog (D:3)
  A centaur skeleton (D:4)
  A hound skeleton (D:4)
  Robin (D:3)
  3 gnolls (D:5)
  7 adders
  2 orcs
  3 endoplasms
  5 giant cockroaches
  13 goblins
  7 hobgoblins
  6 jackals
  7 quokkas
  3 ball pythons
  5 bats
  2 frilled lizards
  6 kobolds
  4 rats
79 creatures vanquished.

Notes
Turn   | Place    | Note
-------+----------+-------------------------------------------
     0 | D:1      | Ablot the Gnoll Warper began the quest for the Orb.
     0 | D:1      | Reached XP level 1. HP: 20/20 MP: 6/6
   399 | D:1      | Reached XP level 2. HP: 25/26 MP: 7/7
   402 | D:1      | Learned a level 2 spell: Blink
   813 | D:1      | Found a faded altar of an unknown god.
   907 | D:2      | Reached skill level 5 in Spellcasting
   907 | D:2      | Reached XP level 3. HP: 9/31 MP: 7/9
  1223 | D:2      | Found Dyinay's Distillery.
  1232 | D:2      | Bought a potion of curing for 33 gold pieces
  1302 | D:2      | Found Setiblu's Magic Scroll Shoppe.
  1442 | D:2      | Found a runed translucent door.
  1443 | D:2      | Noticed Crazy Yiuf
  1553 | D:2      | Reached skill level 1 in Invocations
  1579 | D:2      | Reached skill level 1 in Short Blades
  1579 | D:2      | Reached skill level 1 in Long Blades
  1579 | D:2      | Reached skill level 1 in Axes
  1579 | D:2      | Reached skill level 1 in Maces & Flails
  1579 | D:2      | Reached skill level 1 in Staves
  1579 | D:2      | Reached skill level 1 in Slings
  1579 | D:2      | Reached skill level 1 in Bows
  1579 | D:2      | Reached skill level 1 in Crossbows
  1579 | D:2      | Reached skill level 1 in Stealth
  1579 | D:2      | Reached skill level 1 in Shields
  1579 | D:2      | Reached skill level 1 in Unarmed Combat
  1579 | D:2      | Reached skill level 1 in Evocations
  1619 | D:2      | Found Mipnit's Armour Shoppe.
  1692 | D:2      | Reached XP level 4. HP: 22/38 MP: 11/11
  2005 | D:2      | Found Ograe's Armour Shop.
  2154 | D:3      | Found a glowing drain.
  2188 | Sewer    | Entered a sewer
  2294 | Sewer    | Noticed Pargi
  2320 | Sewer    | Killed Pargi
  2321 | Sewer    | Reached skill level 1 in Conjurations
  2321 | Sewer    | Reached skill level 1 in Hexes
  2321 | Sewer    | Reached skill level 1 in Summonings
  2321 | Sewer    | Reached skill level 1 in Necromancy
  2321 | Sewer    | Reached skill level 1 in Transmutations
  2321 | Sewer    | Reached skill level 1 in Fire Magic
  2321 | Sewer    | Reached skill level 1 in Ice Magic
  2321 | Sewer    | Reached skill level 1 in Air Magic
  2321 | Sewer    | Reached skill level 1 in Earth Magic
  2321 | Sewer    | Reached skill level 1 in Poison Magic
  2321 | Sewer    | Reached XP level 5. HP: 17/43 MP: 12/12
  2813 | D:3      | Noticed Robin
  2908 | D:3      | Killed Robin
  2935 | D:3      | Reached XP level 6. HP: 50/50 MP: 13/13
  2957 | D:3      | Noticed Sigmund
  2995 | D:3      | Killed Sigmund
  2996 | D:3      | Reached skill level 5 in Fighting
  2996 | D:3      | Reached skill level 5 in Polearms
  2996 | D:3      | Reached skill level 5 in Dodging
  3192 | D:3      | Reached XP level 7. HP: 56/56 MP: 15/15
  3862 | D:4      | Identified the +3 robe of Yshruvuats {Harm rF- Will++
                  | Dex+2}
  4187 | D:5      | Entered Level 5 of the Dungeon
  4212 | D:5      | Noticed Prince Ribbit
  4259 | D:5      | Slain by Prince Ribbit

Illustrated notes

Levels and vault maps discovered:
D:1:      dpeg_arrival_morbid_curiosity, layout_basic, basic_ecumenical_altar
D:2:      layout_loops_ring, serial_shops, shop, nicolae_shop_stone,
          nicolae_lakefront_shop, nicolae_square_shop, grunt_ministairs_2,
          uniq_crazy_yiuf_cottage
D:3:      layout_basic, gup_sewer_entry_pipe, uniq_robin, uniq_sigmund
D:4:      layout_basic
D:5:      layout_loops_ring, due_unseen_surprise, uniq_pikel,
          uniq_prince_ribbit1

Skill      XL: |  1  2  3  4  5  6 |
---------------+-------------------+-----
Spellcasting   | 5 |  5.5
Invocations    | 1 2 |  2.6
Short Blades   | 1 2 |  2.3
Long Blades    | 1 2 |  2.3
Axes           | 1 2 |  2.3
Maces & Flails | 1 2 |  2.3
Staves         | 1 2 |  2.3
Slings         | 1 2 |  2.3
Bows           | 1 2 |  2.3
Crossbows      | 1 2 |  2.3
Stealth        | 1 2 |  2.3
Shields        | 1 2 |  2.3
Unarmed Combat | 1 2 |  2.3
Evocations     | 1 2 |  2.3
Throwing       | 3 |  3.5
Armour         | 3 |  3.5
Conjurations   | 1 |  1.9
Hexes          | 1 |  1.9
Summonings     | 1 |  1.9
Necromancy     | 1 |  1.9
Transmutations | 1 |  1.9
Fire Magic     | 1 |  1.9
Ice Magic      | 1 |  1.9
Air Magic      | 1 |  1.9
Earth Magic    | 1 |  1.9
Poison Magic   | 1 |  1.9
Fighting       | 5 |  5.2
Polearms       | 5 |  5.2
Dodging        | 5 |  5.2
Translocations | |  5.8

Action                   |  1- 3 |  4- 6 |  7- 9 || total
-------------------------+-------+-------+-------++-------
Melee: Spear             |   130 |    87 |       ||   217
       Bite              |    11 |     8 |     8 ||    27
       Punch             |     3 |     3 |       ||     6
       Short sword       |       |    59 |    52 ||   111
Throw: Stone             |       |     2 |       ||     2
Evoke: Wand              |       |       |     2 ||     2
 Stab: Sleeping          |     6 |     3 |     4 ||    13
       Distracted        |       |     1 |       ||     1
Armor: Leather armour    |    27 |    23 |       ||    50
       Troll leather arm |       |    14 |     2 ||    16
       Robe              |       |       |     7 ||     7
Dodge: Dodged            |    56 |    84 |    24 ||   164
Block: Other             |    14 |    27 |    11 ||    52
       Reflection        |       |     1 |       ||     1
